 Dungeon Crawl Stone Soup version 0.28-a0-769-g550dbda0cd (webtiles) character file.

Game seed: 18115382536757059902

340518 flotson the Warrior (level 21, 0/174 HPs)
             Began as a Demonspawn Delver on Oct 31, 2021.
             Was an Initiate of Gozag.
             Killed from afar by a storm dragon (26 damage)
             ... with a bolt of lightning
             ... on level 5 of the Vaults on Nov 1, 2021.
             The game lasted 02:14:23 (53286 turns).

flotson the Warrior (Demonspawn Delver)            Turns: 53286, Time: 02:14:24

Health: 0/174      AC: 48    Str: 28    XL:     21   Next: 7%
Magic:  21/21      EV: 12    Int: 12    God:    Gozag
Gold:   5144       SH: 13    Dex: 15    Spells: 20/20 levels left

rFire   + + .      SeeInvis .   b - +2 broad axe (vamp)
rCold   + . .      Faith    .   V - +0 tower shield
rNeg    + . .      Spirit   .   L - +9 scales of the Dragon King {rPois rF+ rC+ Will+}
rPois   +          Reflect  .   e - +2 hood of the Assassin {Detection Stab+ Stlth++}
rElec   .          Harm     .   S - +2 cloak "Kocw" {Str+2}
rCorr   .          Rampage  .   (gloves unavailable)
Will    ++...                   N - +0 pair of boots
Stlth   ..........              q - amulet of regeneration
HPRegen 1.39/turn               s - +4 ring of evasion
MPRegen 0.17/turn               W - ring of Soocsicui {rF+ rN+ Str+4}

@: about to teleport, gold aura, sanguine armoured
A: claws 3, foul stench 3, powered by pain 3, sanguine armour 3
}: 2/15 runes: barnacled, gossamer
a: Renounce Religion, Potion Petition, Call Merchant, Bribe Branch


You were on level 5 of the Vaults.
You worshipped Gozag.
Gozag was greatly pleased with you.
You visited 8 branches of the dungeon, and saw 40 of its levels.
You visited 1 bazaar.
You also visited: Bailey and Volcano.

You collected 19653 gold pieces.
You spent 4985 gold pieces at shops.
You paid 9524 gold pieces to Gozag.

Inventory:

Hand Weapons
 a - a +9 eveningstar of flaming
 b - a +2 vampiric broad axe (weapon)
 c - the +10 hunting sling of Nannatu {vorpal, rN+}
   (You found it on level 3 of the Elven Halls)

   Any ammunition fired from it inflicts extra damage upon your enemies.
   rN:        It protects you from negative energy.
Missiles
 j - 9 throwing nets
 A - 5 curare-tipped darts
 C - 25 javelins (quivered)
 O - 14 atropa-tipped darts
 Q - 6 silver javelins
 X - 345 sling bullets
Armour
 e - the +2 hood of the Assassin (worn) {Detection Stab+ Stlth++}
   (You acquired it on level 2 of the Lair of Beasts)

   It allows the wearer to sense nearby creatures.
   It allows the wearer to make particularly effective stabbing attacks against
   helpless or unaware enemies with any weapon.
   Stlth:     It makes you much more stealthy.
 L - the +9 scales of the Dragon King (worn) {rPois rF+ rC+ Will+}
   (You bought it in a shop on level 1 of the Orcish Mines)

   rF:        It protects you from fire.
   rC:        It protects you from cold.
   rPois:     It protects you from poison.
   Will:      It increases your willpower.
 N - a +0 pair of boots (worn)
 S - the +2 cloak "Kocw" (worn) {Str+2}
   (You bought it in a shop on level 1 of the Elven Halls)

   Str:       It affects your strength (+2).
 V - a +0 tower shield (worn)
Jewellery
 q - an amulet of regeneration (around neck)
 s - a +4 ring of evasion (left claw)
 I - a ring of flight
 K - a ring of see invisible
 W - the ring of Soocsicui (right claw) {rF+ rN+ Str+4}
   (You took it off a deep elf high priest on level 5 of the Vaults)

   [ring of protection from fire]

   Str:       It affects your strength (+4).
   rF:        It protects you from fire.
   rN:        It protects you from negative energy.
Wands
 g - a wand of digging (6)
 l - a wand of iceblast (25)
 E - a wand of mindburst (54)
 G - a wand of paralysis (27)
 J - a wand of charming (23)
 Y - a wand of acid (21)
Scrolls
 f - 5 scrolls of immolation
 i - 3 scrolls of fear
 k - 8 scrolls of vulnerability
 m - 5 scrolls of blinking
 r - 6 scrolls of summoning
 t - 21 scrolls of teleportation
 u - 8 scrolls of magic mapping
 w - a scroll of holy word
 y - 3 scrolls of torment
 P - 9 scrolls of fog
 Z - a scroll of silence
Potions
 h - 6 potions of might
 n - a potion of berserk rage
 o - 9 potions of curing
 p - 9 potions of lignification
 v - 3 potions of ambrosia
 x - 3 potions of resistance
 B - 5 potions of cancellation
 D - 9 potions of haste
 F - 2 potions of heal wounds
 H - 3 potions of attraction
 M - 4 potions of invisibility
Miscellaneous
 d - a phial of floods
 z - a lightning rod (4/4)
 R - a box of beasts
 T - a tin of tremorstones (2/2)
 U - a phantom mirror


   Skills:
 + Level 17.2 Fighting
 + Level 11.1(13.7) Axes
 - Level 12.9(14.5) Maces & Flails
 - Level 5.7(9.7) Slings
 + Level 12.2(12.7) Throwing
 + Level 15.6 Armour
 + Level 15.8 Dodging
 - Level 4.5 Stealth
 + Level 4.2 Shields
 + Level 13.7 Evocations


You had 20 spell levels left.
You didn't know any spells.
Your spell library contained the following spells:

 Spells                   Type           Power      Damage    Failure   Level
 Animate Skeleton         Necr           0%         N/A       100%        1
 Apportation              Tloc           0%         N/A       100%        1
 Freeze                   Ice            0%         1d3       100%        1
 Magic Dart               Conj           0%         1d3       100%        1
 Pain                     Necr           0%         1d4       100%        1
 Sandblast                Erth           0%         2d4       100%        1
 Slow                     Hex            0%         N/A       100%        1
 Sting                    Tmut/Pois      0%         1d3       100%        1
 Summon Small Mammal      Summ           0%         N/A       100%        1
 Call Imp                 Summ           0%         N/A       100%        2
 Corpse Rot               Necr/Air       0%         N/A       100%        2
 Ensorcelled Hibernation  Hex/Ice        0%         N/A       100%        2
 Passwall                 Tmut/Erth      0%         N/A       100%        2
 Poisonous Vapours        Pois/Air       0%         N/A       100%        2
 Static Discharge         Conj/Air       0%         N/A       100%        2
 Call Canine Familiar     Summ           0%         N/A       100%        3
 Confusing Touch          Hex            0%         N/A       100%        3
 Conjure Flame            Conj/Fire      0%         6-21      100%        3
 Dazzling Flash           Conj/Hex       0%         N/A       100%        3
 Frozen Ramparts          Ice            0%         1d2       100%        3
 Ignite Poison            Fire/Tmut/Pois 0%         N/A       100%        3
 Mephitic Cloud           Conj/Pois/Air  0%         N/A       100%        3
 Ozocubu's Armour         Ice            0%         N/A       100%        3
 Spider Form              Tmut/Pois      0%         N/A       100%        3
 Stone Arrow              Conj/Erth      0%         3d7       100%        3
 Summon Guardian Golem    Hex/Summ       0%         N/A       100%        3
 Vampiric Draining        Necr           0%         2d6       100%        3
 Airstrike                Air            0%         N/A       100%        4
 Animate Armour           Summ/Erth      0%         N/A       100%        4
 Animate Dead             Necr           0%         N/A       100%        4
 Hailstorm                Conj/Ice       0%         3d3       100%        4
 Ice Form                 Ice/Tmut       0%         N/A       100%        4
 Olgreb's Toxic Radiance  Pois           0%         N/A       100%        4
 Petrify                  Tmut/Erth      0%         N/A       100%        4
 Sticky Flame             Conj/Fire      0%         2d3       100%        4
 Summon Ice Beast         Ice/Summ       0%         N/A       100%        4
 Summon Lightning Spire   Summ/Air       0%         N/A       100%        4
 Agony                    Necr           0%         N/A       100%        5
 Alistair's Intoxication  Tmut/Pois      0%         N/A       100%        5
 Blade Hands              Tmut           0%         N/A       100%        5
 Borgnjor's Vile Clutch   Necr/Erth      0%         N/A       100%        5
 Fireball                 Conj/Fire      0%         3d3       100%        5
 Iskenderun's Battlesphe  Conj           0%         2d6       100%        5
 Lightning Bolt           Conj/Air       0%         1d11      100%        5
 Silence                  Hex/Air        0%         N/A       100%        5
 Yara's Violent Unravell  Hex/Tmut       0%         3d3       100%        5
 Eringya's Noxious Bog    Tmut/Pois      0%         N/A       100%        6
 Invisibility             Hex            0%         N/A       100%        6
 Iron Shot                Conj/Erth      0%         9d1       100%        6
 Starburst                Conj/Fire      0%         6d3       100%        6
 Statue Form              Tmut/Erth      0%         N/A       100%        6
 Haunt                    Necr/Summ      0%         N/A       100%        7
 Malign Gateway           Summ/Tloc      0%         N/A       100%        7
 Ozocubu's Refrigeration  Ice            0%         4d5       100%        7
 Spellforged Servitor     Conj/Summ      0%         N/A       100%        7
 Storm Form               Tmut/Air       0%         N/A       100%        7
 Ignition                 Fire           0%         3d3       100%        8
 Infestation              Necr           0%         N/A       100%        8
 Maxwell's Capacitive Co  Air            0%         ∞         100%        8
 Chain Lightning          Conj/Air       0%         N/A       100%        9
 Shatter                  Erth           0%         3d5*      100%        9


Dungeon Overview and Level Annotations

Branches:
Dungeon (15/15)            Temple (1/1) D:5            Lair (6/6) D:9
 Shoals (4/4) Lair:2       Spider (4/4) Lair:2        Slime (0/5) Lair:6
    Orc (2/2) D:9             Elf (3/3) Orc:2        Vaults (5/5) D:14
  Crypt (0/3) Vaults:3     Depths (0/4) D:15         Bailey (visited)
Volcano (visited)

Altars:
Ashenzari
Cheibriados
Dithmenos
Elyvilon
Fedhas
Gozag
Kikubaaqudgha
Makhleb
Nemelex Xobeh
Okawaru
Qazlal
Sif Muna
Uskayaw
Xom
Yredelemnul
Zin
The Shining One
Beogh
Jiyva
Lugonu

Shops:
D:3 :   Orc:1 [   Orc:2 =(*   Elf:1 [   Elf:2 !   Shoals:1 =   Shoals:2 [*(*
Vaults:4 [

Portals:
Abyss: Lair:6
Pandemonium: Orc:2
Trove: Vaults:1 (give +8 demon trident)

Annotations:
Lair:1 exclusion: oklob plant
Lair:2 pdpol's ghost, journeyman HOAK
Lair:4 3 runed translucent doors, Iwuung's ghost, journeyman DjFE
Shoals:2 Polyphemus
Shoals:3 Ilsuiw
Vaults:3 3 runed translucent doors, Rexatuc's ghost, veteran MiBe
Vaults:4 Boris


Innate Abilities, Weirdness & Mutations

You have claws for hands.
You frequently emit foul miasma when damaged in melee.
You are powered by pain.
When seriously injured, your bleeding wounds create very thick armour. (AC +12)


Message History

You slash the storm dragon!
The storm dragon is lightly wounded.
The storm dragon bites you but does no damage.
The storm dragon claws you but does no damage.
You block the storm dragon's attack.
The storm dragon breathes lightning at you.
The bolt of lightning misses you.
A titan comes into view.
You hear a shout! x3
Your shield and scales of the Dragon King prevent you from hitting the storm dragon.
The storm dragon is lightly wounded.
You block the storm dragon's attack. x2
The storm dragon tramples you but does no damage.
The titan gestures at you while chanting.
The bolt of lightning hits the storm dragon.
The storm dragon completely resists.
The bolt of lightning misses you. You block the storm dragon's attack.
The storm dragon claws you.
* * * LOW HITPOINT WARNING * * *
You block the storm dragon's attack.
You hit the storm dragon.
You feel better.
The storm dragon is lightly wounded.
The storm dragon bites you but does no damage.
The storm dragon claws you!
* * * LOW HITPOINT WARNING * * *
You block the storm dragon's attack.
You closely miss the storm dragon.
The storm dragon is lightly wounded.
The storm dragon bites you but does no damage.
The storm dragon claws you!
* * * LOW HITPOINT WARNING * * *
The storm dragon barely misses you.
The storm dragon bites you but does no damage.
The storm dragon closely misses you.
The storm dragon tramples you but does no damage.
As you read the scroll of teleportation, it crumbles to dust.
You feel strangely unstable.
The storm dragon breathes lightning at you.
The bolt of lightning hits you!!
You die...
Your body crumbles into a pile of gold.

#.#.##....#
#|#######... .#..
#....#.##).....##..
#.#
#....#..#..........
9.
#....#..#....###...
#...C#..##..)#.###.
#....#...##..##..##
#....#....#..#..#..
#.D..#.......#.#..#
#.@..#.........#.#)
$
#....#.......#.#..#
#....#..))#..#..#..
#....#..=##..##..##
#....#..##...#(###.
$
#....#..#.)..###...
#....#..#..........
#....#.##[.....##..
#....#.#.#######)..


You could see a titan and a storm dragon (catching breath).

Vanquished Creatures
  Mara (Spider:3)
  Frederick (Vaults:3)
  Rupert (Spider:1)
  A tentacled monstrosity (Vaults:5)
  A titan (Vaults:5)
  A sphinx (Vaults:3)
  Kirke (D:14)
  Frances (D:12)
  A storm dragon (Vaults:5)
  A shadow dragon (Vaults:5)
  2 tengu reavers (Vaults:5)
  2 deep elf sorcerers
  A fire giant (Vaults:5)
  A frost giant (Vaults:5)
  Aizul (Spider:1)
  4 ghost moths (Spider:4)
  6 vault wardens
  8 emperor scorpions
  4 orc warlords
  A curse skull (Vaults:3)
  6 ironbound preservers
  5 very ugly things
  A stone giant (Vaults:3)
  6 entropy weavers
  2 vampire knights (Vaults:3)
  4 deep elf demonologists
  A deep elf annihilator (Elf:3)
  Azrael (D:12)
  21 dire elephants
  3 ettins (Vaults:5)
  A deep elf death mage (Vaults:5)
  A merfolk javelineer (Shoals:1)
  A fire dragon (Volcano)
  8 yaktaur captains
  3 deep elf high priests
  A crystal guardian (Vaults:4)
  5 ironbound thunderhulks
  Fannar (D:12)
  A great orb of eyes (D:15)
  A peacekeeper (Vaults:4)
  2 rakshasas
  12 boulder beetles
  11 hydras
  17 vault guards
  An alligator snapping turtle (Shoals:1)
  19 centaur warriors
  4 ironbound frosthearts
  A catoblepas (Lair:4)
  An ogre mage (D:15)
  2 death knights
  A satyr (Shoals:4)
  5 death yaks
  A demonspawn (Orc:2)
  A deep troll earth mage (Vaults:1)
  5 two-headed ogres
  A deep troll shaman (Vaults:1)
  A tengu warrior (D:14)
  9 orc high priests
  4 thrashing horrors (Lair:6)
  A titan zombie (Vaults:3)
  Sonja (D:12)
  9 deep elf knights
  A sixfirhy (Orc:2)
  2 iron trolls (Vaults:1)
  17 deep trolls
  6 wizards
  5 sea snakes
  9 lindwurms
  11 deep elf archers
  7 ironbound convokers
  A swamp dragon (D:10)
  A lindwurm (shapeshifter) (Lair:6)
  24 orc knights
  A phantasmal warrior (D:10)
  5 necromancers
  13 harpies
  10 deep elf zephyrmancers
  17 orb spiders
  18 deep elf pyromancers
  17 ugly things
  14 manticores
  17 wolf spiders
  3 fauns
  A frost giant zombie (Vaults:3)
  10 orc sorcerers
  2 stone giant zombies (Vaults:3)
  5 cyclopes
  A moth of wrath (shapeshifter) (D:15)
  A fire giant skeleton (Vaults:2)
  8 black mambas
  An ice statue (Orc:2)
  2 merfolk sirens
  5 elephants (Lair:4)
  10 vault sentinels
  4 smoke demons
  A water nymph (Shoals:2)
  A torpor snail (shapeshifter) (D:14)
  4 torpor snails
  2 gargoyles
  15 cane toads
  2 rime drakes
  7 freezing wraiths
  An unseen horror (D:12)
  An efreet (D:10)
  5 demonic crawlers
  An ancient zyme (Lair:6)
  7 komodo dragons
  A tengu conjurer (D:14)
  31 yaktaurs
  3 meliai (D:14)
  A troll (shapeshifter) (Vaults:4)
  2 merfolk
  38 jumping spiders
  An ice devil (Orc:1)
  A red devil (Orc:2)
  7 trolls
  Grinder (D:5)
  7 hornets
  49 slime creatures
  4 snapping turtles
  7 dream sheep
  22 blink frogs
  33 tarantellas
  A tarantella (shapeshifter) (Lair:6)
  A spriggan (shapeshifter) (D:14)
  3 shadows
  4 wyverns
  A wraith (D:12)
  A vampire (D:10)
  2 ynoxinuls
  2 air elementals
  93 redbacks
  A fire elemental (Elf:3)
  2 water elementals
  50 yaks
  A human (shapeshifter) (Lair:6)
  2 chaos spawn
  6 basilisks
  5 steam dragons
  12 vampire mosquitoes
  Menkaure (D:5)
  3 wargs (Orc:1)
  An acid dragon (shapeshifter) (D:14)
  14 water moccasins
  An acid dragon (D:10)
  7 hell hounds
  70 orc warriors
  2 black bears (shapeshifter)
  A sky beast (D:6)
  6 black bears
  A deep troll simulacrum (Vaults:2)
  A human zombie (Vaults:2)
  13 ogres
  17 wolves
  An ettin simulacrum (Vaults:2)
  4 boggarts
  25 centaurs
  2 human skeletons (Vaults:2)
  8 small abominations (Lair:6)
  2 phantoms
  2 kobold brigands
  10 bullfrogs
  A glowing shapeshifter simulacrum (Vaults:3)
  2 earth elementals
  2 wyvern skeletons (D:6)
  4 scorpions
  12 killer bees
  2 electric eels
  4 howler monkeys
  4 centaur zombies
  A human simulacrum (Vaults:2)
  2 bullfrog zombies
  31 orc priests
  2 gnoll shamans (D:6)
  5 hounds
  An iguana (D:5)
  14 orc wizards
  A killer bee zombie (D:8)
  A howler monkey zombie (D:7)
  Robin (D:3)
  22 gnolls
  6 adders
  A white imp (D:6)
  An ufetubus (D:5)
  An adder skeleton (D:4)
  2 dart slugs (D:2)
  91 orcs
  5 ball pythons
  4 endoplasms
  3 giant cockroaches
  31 goblins
  16 hobgoblins
  2 jackals (D:1)
  16 kobolds
  A quokka (D:4)
  2 bats
  4 frilled lizards
  6 rats
  A tentacle (Shoals:2)
1410 creatures vanquished.

Vanquished Creatures (collateral kills)
  Jory (Vaults:3)
  A sphinx (Shoals:4)
  A kraken (Shoals:2)
  2 deep elf sorcerers (Elf:3)
  A deep elf elementalist (Elf:3)
  An ironbound preserver (Vaults:1)
  3 deep elf annihilators (Elf:3)
  6 dire elephants
  A deep elf death mage (Elf:3)
  A deep elf high priest (Elf:3)
  A merfolk impaler (Shoals:2)
  A yaktaur captain (Vaults:3)
  An ironbound thunderhulk (Vaults:3)
  A boulder beetle (Vaults:2)
  A catoblepas (Shoals:2)
  An alligator snapping turtle (Shoals:4)
  2 ironbound frosthearts
  9 dancing weapons
  A death yak (Shoals:2)
  A satyr (Shoals:4)
  An orc high priest (Vaults:3)
  2 deep elf knights
  3 deep trolls
  4 sea snakes
  2 phantasmal warriors
  3 ironbound convokers
  5 deep elf archers
  A wizard (Vaults:3)
  2 deep elf zephyrmancers (Elf:2)
  6 ugly things
  5 deep elf pyromancers
  4 harpies
  3 orc knights
  2 fauns (Shoals:4)
  4 manticores
  2 merfolk sirens
  4 vault sentinels
  A water nymph (Shoals:3)
  2 yaktaurs (Vaults:3)
  4 merfolk
  2 wind drakes (Shoals:4)
  A snapping turtle (Shoals:2)
  A water elemental (Shoals:2)
  A fire elemental (Elf:3)
  6 orc warriors
  An orc priest (Vaults:3)
  A centaur (Shoals:2)
  2 boggarts (Vaults:2)
  An earth elemental (Elf:2)
  An orc (Vaults:1)
  3 tentacles (Shoals:2)
117 creatures vanquished.

Vanquished Creatures (others)
  A deep elf master archer (Elf:3)
  2 deep elf blademasters (Elf:3)
  A sphinx (Shoals:4)
  An orc warlord (Vaults:3)
  6 deep elf sorcerers (Elf:3)
  4 vault wardens (Vaults:3)
  4 deep elf elementalists (Elf:3)
  3 ironbound preservers
  A stone giant (Vaults:2)
  4 deep elf annihilators
  A deep elf high priest (Elf:3)
  2 deep elf death magi (Elf:3)
  A great orb of eyes (Vaults:3)
  3 vault guards (Vaults:3)
  A yaktaur captain (Vaults:3)
  4 ironbound thunderhulks
  A centaur warrior (Vaults:2)
  20 dancing weapons
  3 satyrs
  An orc high priest (Vaults:1)
  4 deep elf knights
  6 deep trolls
  6 deep elf archers
  4 harpies
  8 orc knights
  A necromancer (Vaults:2)
  4 ironbound convokers
  8 deep elf zephyrmancers
  4 wizards
  5 deep elf pyromancers
  7 fauns
  2 merfolk sirens
  5 vault sentinels
  7 merfolk
  A redback (Spider:4)
  A water elemental (Shoals:3)
  A fire elemental (Elf:2)
  3 humans (D:14)
  8 orc warriors
  A boggart (Vaults:2)
  An earth elemental (Elf:2)
  3 orc priests
  An orc wizard (Orc:2)
  5 orcs
  47 fungi
  91 plants
  6 tentacles (Shoals:2)
304 creatures vanquished.

Grand Total: 1831 creatures vanquished

Notes
Turn   | Place    | Note
-------+----------+-------------------------------------------
     0 | D:5      | flotson the Demonspawn Delver began the quest for the Orb.
     0 | D:5      | Reached XP level 1. HP: 18/18 MP: 1/1
    46 | D:5      | Noticed a hound
    67 | D:5      | Noticed a water moccasin
    83 | D:5      | Noticed a phantom
    87 | D:5      | Noticed a hound
   192 | D:3      | Noticed Robin
   192 | D:3      | Noticed an ogre
   312 | D:4      | Gained mutation: You may rarely emit foul miasma when
                  | damaged in melee. [demonic ancestry]
   312 | D:4      | Reached XP level 2. HP: 22/24 MP: 2/2
   574 | D:3      | Reached skill level 1 in Armour
   781 | D:2      | Gained mutation: You sometimes emit foul miasma when
                  | damaged in melee. [demonic ancestry]
   781 | D:2      | Reached XP level 3. HP: 14/29 MP: 3/3
  1185 | D:3      | Reached skill level 1 in Evocations
  1383 | D:2      | Reached XP level 4. HP: 37/37 MP: 4/4
  1901 | D:2      | Found a shimmering blue altar of Sif Muna.
  2276 | D:3      | Found a sparkling altar of Nemelex Xobeh.
  2398 | D:3      | Found Likloiz's Book Boutique.
  2461 | D:3      | Killed Robin
  2462 | D:3      | Gained mutation: You sometimes gain a little power by
                  | taking damage. [demonic ancestry]
  2462 | D:3      | Reached XP level 5. HP: 42/42 MP: 5/5
  2760 | D:4      | Reached skill level 4 in Fighting
  2919 | D:4      | Found a shadowy altar of Dithmenos.
  2927 | D:4      | Found a blossoming altar of Fedhas.
  2929 | D:4      | Found a hide-covered altar of Uskayaw.
  2931 | D:4      | Found a shimmering blue altar of Sif Muna.
  3478 | D:4      | Gained mutation: You sometimes gain power by taking damage.
                  | [demonic ancestry]
  3478 | D:4      | Reached XP level 6. HP: 49/49 MP: 6/6
  3534 | D:4      | Killed a water moccasin
  3724 | D:5      | Gained mutation: You have sharp fingernails. [demonic
                  | ancestry]
  3724 | D:5      | Reached XP level 7. HP: 55/55 MP: 7/7
  3815 | D:5      | Noticed Menkaure
  3816 | D:5      | Noticed Grinder
  3825 | D:5      | Killed Menkaure
  3826 | D:5      | Reached skill level 5 in Fighting
  3826 | D:5      | Reached skill level 1 in Throwing
  3841 | D:5      | Paralysed by Grinder for 3 turns
  3850 | D:5      | Killed Grinder
  4185 | D:5      | Found a staircase to the Ecumenical Temple.
  4194 | Temple   | Entered the Ecumenical Temple
  4219 | Temple   | Became a worshipper of Gozag Ym Sagoz the Greedy
  4533 | D:6      | Reached XP level 8. HP: 63/63 MP: 8/8
  5019 | D:6      | Reached skill level 5 in Dodging
  5118 | D:6      | Reached skill level 6 in Fighting
  5412 | D:2      | Found a shimmering blue altar of Sif Muna.
  5690 | D:3      | Found Likloiz's Book Boutique.
  5764 | D:3      | Found a sparkling altar of Nemelex Xobeh.
  6416 | D:7      | Reached skill level 5 in Evocations
  6459 | D:7      | Noticed a hornet
  6473 | D:7      | Killed a hornet
  6474 | D:7      | Gained mutation: You have very sharp fingernails. [demonic
                  | ancestry]
  6474 | D:7      | Reached XP level 9. HP: 71/71 MP: 9/9
  6526 | D:7      | Reached skill level 5 in Armour
  6647 | D:7      | Found a stormy altar of Qazlal.
  6988 | D:8      | Found a shimmering altar of Xom.
  7065 | D:8      | Found an ancient bone altar of Kikubaaqudgha.
  7495 | D:8      | Reached skill level 7 in Fighting
  7954 | D:9      | Found a staircase to the Lair.
  7996 | D:9      | Noticed a troll
  8005 | D:8      | Reached XP level 10. HP: 20/79 MP: 10/10
  8011 | D:8      | Reached skill level 5 in Throwing
  8568 | D:9      | Found a burning altar of Makhleb.
  8629 | D:9      | Found a staircase to the Orcish Mines.
  8827 | D:9      | Reached skill level 8 in Fighting
  9096 | D:10     | Entered Level 10 of the Dungeon
  9164 | D:10     | Found a flagged portal.
  9175 | Bailey   | Entered a bailey
  9568 | Bailey   | Noticed an orc warlord
  9586 | Bailey   | Killed an orc warlord
  9761 | Bailey   | Noticed an orc knight
  9762 | Bailey   | Noticed an orc knight
  9811 | Bailey   | Killed an orc knight
  9812 | Bailey   | Reached XP level 11. HP: 11/87 MP: 11/11
  9830 | Bailey   | Killed an orc knight
 10040 | Bailey   | Acquired a +1 eveningstar of draining
 10044 | Bailey   | Acquired the +0 buckler of Untruth {Slay+2}
 10263 | D:10     | Paralysed by a hornet for 3 turns
 10398 | D:10     | HP: 4/87 [something (2)]
 10466 | Lair:1   | Entered Level 1 of the Lair of Beasts
 10546 | Lair:1   | Noticed an oklob plant
 10578 | Lair:1   | Reached skill level 1 in Shields
 11119 | Lair:1   | Got the Volume of Shape Shifting
 11219 | Lair:1   | Found an opulent altar of Gozag.
 11518 | Lair:2   | Found a runed translucent gate.
 11518 | Lair:2   | Found a runed translucent gate.
 11518 | Lair:2   | Found a runed translucent gate.
 11520 | Lair:2   | Noticed pdpol's ghost (journeyman HOAK)
 11520 | Lair:2   | Noticed a ten-headed hydra
 11521 | Lair:2   | Noticed a ten-headed hydra
 11524 | Lair:2   | Found a staircase to the Shoals.
 11537 | Lair:2   | Reached skill level 9 in Fighting
 11905 | Lair:2   | Found a hole to the Spider Nest.
 12048 | Lair:2   | Reached XP level 12. HP: 89/95 MP: 12/12
 12060 | Lair:2   | Acquired the +2 hood of the Assassin {Detection Stab+
                  | Stlth++}
 12060 | Lair:2   | Found the +2 hood of the Assassin {Detection Stab+ Stlth++}
 12257 | Lair:2   | Acquired the +8 demon blade of Eternal War {vamp, rElec
                  | rF+}
 12804 | Lair:2   | Reached skill level 5 in Axes
 12836 | Lair:1   | Killed a ten-headed hydra
 13009 | Lair:2   | Identified the +2 broad axe of Sekumn {elec, Fly rF++ rN+++
                  | Will-}
 13033 | Lair:2   | Killed a ten-headed hydra
 13135 | Lair:3   | Noticed a seven-headed hydra
 13246 | Lair:3   | Killed a seven-headed hydra
 13642 | Lair:3   | Noticed a seven-headed hydra
 13652 | Lair:3   | Killed a seven-headed hydra
 13786 | Lair:3   | Reached skill level 10 in Fighting
 14293 | Lair:4   | Gained mutation: When seriously injured, your bleeding
                  | wounds create armour. (AC +12) [demonic ancestry]
 14293 | Lair:4   | Reached XP level 13. HP: 102/103 MP: 13/13
 14316 | Lair:4   | Identified the +3 ring mail "Reruon Hega" {Str+4}
 14433 | Lair:4   | Found a dark tunnel.
 14442 | Volcano  | Entered a volcano
 14678 | Volcano  | Noticed a fire dragon
 14692 | Volcano  | Killed a fire dragon
 14832 | Lair:4   | Found a runed translucent gate.
 14832 | Lair:4   | Found a runed translucent gate.
 14833 | Lair:4   | Found a runed translucent gate.
 14833 | Lair:4   | Noticed an acid blob
 14833 | Lair:4   | Noticed an acid blob
 14847 | Lair:4   | Noticed an acid blob
 14847 | Lair:4   | Noticed an azure jelly
 14847 | Lair:4   | Noticed an acid blob
 14854 | Lair:4   | Noticed an azure jelly
 14854 | Lair:4   | Noticed an acid blob
 14854 | Lair:4   | Noticed Iwuung's ghost (journeyman DjFE)
 14854 | Lair:4   | Noticed an acid blob
 14854 | Lair:4   | Noticed an azure jelly
 14855 | Lair:4   | Noticed a rockslime
 14855 | Lair:4   | Noticed an acid blob
 14856 | Lair:4   | Noticed an acid blob
 15788 | Lair:4   | Found a viscous altar of Jiyva.
 15932 | Lair:5   | Reached skill level 10 in Evocations
 16015 | Lair:5   | Identified the +0 robe of Focus {-Tele rElec Dex+3}
 16485 | Lair:5   | Found a burning altar of Makhleb.
 16901 | Lair:6   | Entered Level 6 of the Lair of Beasts
 16908 | Lair:6   | Reached skill level 11 in Fighting
 16990 | Lair:6   | Reached skill level 10 in Dodging
 17028 | Lair:6   | Found a viscous altar of Jiyva.
 17031 | Lair:6   | Found a staircase to the Slime Pits.
 17366 | Lair:6   | Reached XP level 14. HP: 113/113 MP: 14/14
 17899 | Lair:6   | Reached skill level 10 in Armour
 18245 | Lair:6   | Found a corrupted altar of Lugonu.
 18245 | Lair:6   | Found a one-way gate to the infinite horrors of the Abyss.
 18665 | D:10     | Got Asmodeus's Collected Works on the Entourage
 18736 | D:10     | Identified the +9 dagger "Qototud" {vorpal, rPois Will+
                  | Dex-4 SInv}
 18874 | D:10     | Identified the +2 arbalest of Sunlight {penet, Str+6}
 20888 | D:12     | Noticed Frances
 20901 | D:12     | Killed Frances
 20950 | D:12     | Noticed Azrael
 20967 | D:12     | Killed Azrael
 21117 | D:12     | Reached skill level 10 in Throwing
 21261 | D:12     | Reached skill level 12 in Fighting
 21338 | D:12     | Noticed Fannar
 21349 | D:12     | Killed Fannar
 21417 | D:12     | Gained mutation: You frequently emit foul miasma when
                  | damaged in melee. [demonic ancestry]
 21417 | D:12     | Reached XP level 15. HP: 93/120 MP: 15/15
 21609 | D:12     | Noticed Sonja
 21619 | D:12     | Killed Sonja
 22826 | D:14     | Noticed Kirke
 22835 | D:14     | Killed Kirke
 23077 | D:14     | Found a basalt altar of Yredelemnul.
 24135 | D:14     | Found a gate to the Vaults.
 24253 | D:15     | Entered Level 15 of the Dungeon
 24962 | D:15     | Found an opulent altar of Gozag.
 25233 | D:15     | Paralysed by something for 4 turns
 25242 | D:15     | Gained mutation: You have claws for hands. [demonic
                  | ancestry]
 25242 | D:15     | Reached XP level 16. HP: 107/129 MP: 16/16
 25335 | D:15     | Found a staircase to the Depths.
 25622 | Orc:1    | Entered Level 1 of the Orcish Mines
 25755 | Orc:2    | Entered Level 2 of the Orcish Mines
 25755 | Orc:2    | Found a gateway to a bazaar.
 25767 | Orc:2    | Reached skill level 13 in Fighting
 25778 | Bazaar   | Entered a bazaar
 25778 | Bazaar   | Found Eduronti's Book Shoppe.
 25778 | Bazaar   | Found Gannetuj's Antique Weapon Emporium.
 25801 | Bazaar   | Found Wuhup's Jewellery Shoppe.
 25817 | Bazaar   | Found Ipuotrid's Magic Scroll Emporium.
 25825 | Bazaar   | Bought a scroll of teleportation for 51 gold pieces
 25825 | Bazaar   | Bought a scroll of teleportation for 51 gold pieces
 25825 | Bazaar   | Bought a scroll of identify for 34 gold pieces
 25825 | Bazaar   | Bought a scroll of identify for 34 gold pieces
 25825 | Bazaar   | Bought a scroll of magic mapping for 59 gold pieces
 25825 | Bazaar   | Bought a scroll of silence for 127 gold pieces
 25825 | Bazaar   | Bought a scroll of brand weapon for 340 gold pieces
 25825 | Bazaar   | Bought a scroll of teleportation for 51 gold pieces
 25825 | Bazaar   | Bought a scroll of vulnerability for 127 gold pieces
 26202 | Orc:2    | HP: 5/130 [barbs]
 26850 | Orc:2    | Found a staircase to the Elven Halls.
 26907 | Orc:2    | Found Tarhy's General Store.
 26908 | Orc:2    | Found Ykhlideg's Distillery.
 27149 | Orc:2    | Bought a potion of heal wounds for 70 gold pieces
 27149 | Orc:2    | Bought 2 throwing nets for 84 gold pieces
 27149 | Orc:2    | Bought a potion of invisibility for 112 gold pieces
 27227 | Orc:2    | Reached skill level 10 in Axes
 27860 | Orc:2    | Found Ciruboixo's Jewellery Shop.
 27860 | Orc:2    | Found Doanaqung's Antique Weapon Boutique.
 27868 | Orc:2    | Found a one-way gate leading to the halls of Pandemonium.
 28287 | Orc:1    | Bought the +9 scales of the Dragon King {rPois rF+ rC+
                  | Will+} for 2371 gold pieces
 28287 | Orc:1    | Found the +9 scales of the Dragon King {rPois rF+ rC+
                  | Will+}
 28325 | Elf:1    | Entered Level 1 of the Elven Halls
 28519 | Elf:1    | Found Doom Zitt's Armour Shop.
 28527 | Elf:1    | Bought the +2 cloak "Kocw" {Str+2} for 462 gold pieces
 28561 | Elf:1    | Got the Handbook of Dhcmrlchtdj
 28677 | Elf:1    | Reached skill level 1 in Maces & Flails
 28766 | Elf:1    | Paralysed by an air elemental for 1 turns
 29330 | Elf:1    | Got Ekhaaxunn's Volume of Combed Thunderclap
 29337 | Elf:1    | Got Lehudib's Almanac of Plaster Cramp
 29592 | Elf:1    | Found Doom Zitt's Armour Shop.
 30269 | Elf:2    | Found Testruog's Distillery.
 30292 | Elf:2    | Bought a potion of curing for 60 gold pieces
 30292 | Elf:2    | Bought a potion of ambrosia for 160 gold pieces
 30643 | Elf:2    | Found a huge runed translucent gate.
 30643 | Elf:2    | Found a huge runed translucent gate.
 30643 | Elf:2    | Found a huge runed translucent gate.
 30643 | Elf:2    | Found a huge runed translucent gate.
 30644 | Elf:2    | Found a huge runed translucent gate.
 31147 | Elf:2    | Noticed a deep elf blademaster
 31161 | Elf:2    | Gained mutation: You are powered by pain. [demonic
                  | ancestry]
 31161 | Elf:2    | Reached XP level 17. HP: 119/138 MP: 17/17
 31163 | Elf:2    | Reached skill level 14 in Fighting
 31478 | Elf:3    | Entered Level 3 of the Elven Halls
 31576 | Elf:3    | Noticed a deep elf blademaster
 31581 | Elf:3    | Noticed a deep elf master archer
 31590 | Elf:3    | Killed a deep elf master archer
 31605 | Elf:3    | Noticed a Brimstone Fiend
 31614 | Elf:3    | Reached skill level 5 in Maces & Flails
 31740 | Elf:3    | Identified the +3 hand axe "String" {venom, MP+9 Str+4
                  | Int-2}
 31742 | Elf:3    | Identified the ring of Rer Zyu {rN++ AC+4}
 32023 | Elf:3    | Identified the ring "Imahu" {rN+ Will+}
 32032 | Elf:3    | Identified the +1 robe "Afaerche" {Fly}
 32079 | Elf:3    | Noticed a deep elf master archer
 32081 | Elf:3    | Identified the +10 hunting sling of Nannatu {vorpal, rN+}
 32230 | Elf:3    | Found the +5 robe of Misfortune {Contam Harm *Corrode Drain
                  | *Slow EV+5}
 32989 | Spider:1 | Entered Level 1 of the Spider Nest
 33031 | Spider:1 | Noticed Aizul
 33042 | Spider:1 | Killed Aizul
 34036 | Spider:1 | Noticed Rupert
 34441 | Spider:1 | Killed Rupert
 35612 | Spider:2 | Gained mutation: When seriously injured, your bleeding
                  | wounds create thick armour. (AC +12) [demonic ancestry]
 35612 | Spider:2 | Reached XP level 18. HP: 148/148 MP: 18/18
 36175 | Spider:3 | Reached skill level 15 in Fighting
 36554 | Spider:4 | Entered Level 4 of the Spider Nest
 36646 | Spider:4 | Noticed Mara
 36649 | Spider:4 | Noticed flotson's illusion
 36763 | Spider:4 | Noticed flotson's illusion
 36813 | Spider:3 | Noticed flotson's illusion
 36822 | Spider:3 | Killed Mara
 36859 | Spider:4 | Identified the ring of Qiafyeg {rPois rC+ Int+5}
 38275 | Spider:3 | Reached skill level 10 in Maces & Flails
 38527 | Spider:4 | Reached skill level 1 in Slings
 38565 | Spider:4 | Got a gossamer rune of Zot
 38772 | Shoals:1 | Entered Level 1 of the Shoals
 38927 | Orc:2    | Bought an amulet of reflection for 480 gold pieces
 39965 | Shoals:1 | Found Uwkeug's Jewellery Shop.
 40260 | Shoals:2 | Identified the +2 leather armour of Okawaru's Pride {*Slow
                  | rPois Dex+2}
 40575 | Shoals:2 | Noticed Polyphemus
 41051 | Shoals:2 | Found Mionady's Visitors' Centre.
 41058 | Shoals:2 | Found Mionady's Merfolk Weapons.
 41066 | Shoals:2 | Found Mionady's Merfolk Magic.
 41066 | Shoals:2 | Found Mionady's Merfolk Armours.
 41148 | Shoals:2 | Bought 2 javelins for 25 gold pieces
 41148 | Shoals:2 | Bought 3 silver javelins for 115 gold pieces
 41148 | Shoals:2 | Bought a throwing net for 48 gold pieces
 41148 | Shoals:2 | Bought a throwing net for 48 gold pieces
 41148 | Shoals:2 | Bought 6 javelins for 76 gold pieces
 41531 | Shoals:3 | Noticed Ilsuiw
 42157 | Shoals:4 | Entered Level 4 of the Shoals
 42606 | Shoals:4 | Gained mutation: When seriously injured, your bleeding
                  | wounds create very thick armour. (AC +12) [demonic
                  | ancestry]
 42606 | Shoals:4 | Reached XP level 19. HP: 147/157 MP: 19/19
 42651 | Shoals:4 | Got a barnacled rune of Zot
 42971 | Shoals:4 | Got the Catalogue of the Feathery Frostbite
 43300 | Vaults:1 | Entered Level 1 of the Vaults
 44300 | Vaults:1 | Reached skill level 16 in Fighting
 45194 | Vaults:1 | Found a portal to a secret trove of treasure.
 45401 | Vaults:1 | Identified the +0 robe of Kiniroj {Dex+4}
 46196 | Vaults:2 | Identified the +2 robe of the Trilobite {rPois rC+ rN+
                  | Int+4 Stlth-}
 46903 | Vaults:2 | Reached skill level 5 in Slings
 47151 | Vaults:3 | Found a staircase to the Crypt.
 47170 | Vaults:3 | Reached skill level 15 in Dodging
 47442 | Vaults:3 | Reached XP level 20. HP: 151/166 MP: 20/20
 47458 | Vaults:3 | Noticed Frederick
 47459 | Vaults:3 | Noticed Jory
 47466 | Vaults:3 | Killed Jory
 47486 | Vaults:3 | Killed Frederick
 49173 | Vaults:1 | Found a portal to a secret trove of treasure.
 49541 | Vaults:3 | Found a runed translucent gate.
 49541 | Vaults:3 | Found a runed translucent gate.
 49541 | Vaults:3 | Found a runed translucent gate.
 49541 | Vaults:3 | Noticed Rexatuc's ghost (veteran MiBe)
 49589 | Vaults:3 | Reached skill level 15 in Armour
 50755 | Vaults:3 | You fall into a shaft and drop 1 floor!
 51069 | Vaults:4 | Found Ytreun's Armour Shop.
 51295 | Vaults:4 | Noticed Boris
 51705 | Vaults:4 | Reached skill level 17 in Fighting
 52516 | Vaults:5 | Entered Level 5 of the Vaults
 52770 | Vaults:5 | Identified the +4 spear of Eternal War {drain, Str+3 Int+4
                  | Dex+4}
 52974 | Vaults:5 | Got Wufapulu's Catalogue of Nocuous Shape Shifting
 52993 | Vaults:5 | Reached XP level 21. HP: 167/168 MP: 21/21
 53067 | Vaults:5 | Identified the ring of Soocsicui {rF+ rN+ Str+4}
 53257 | Vaults:5 | Identified the +2 war axe "Retyefetre" {antimagic, Fly}
 53271 | Vaults:5 | HP: 3/174 [stone giant (25)]
 53286 | Vaults:5 | Killed from afar by a storm dragon

Illustrated notes

Levels and vault maps discovered:
D:1:      wander_arrival_lonely_grave, layout_basic
D:2:      layout_rooms, basic_altar, hangedman_feature_mirror
D:3:      layout_basic, lemuel_crystal_altar, tso_oasis_becter, serial_shops,
          shop, kennysheep_generic_room_6, uniq_robin
D:4:      layout_loops_corners, chequers_temple_overflow_minitemple,
          general_overflow_altar, serial_park_tiny_1, supply_closet_lemuel,
          hangedman_abyss_or_decor_lesser_grid, mrwooster_statue_mirror,
          minivault_23
D:5:      layout_basic, minmay_temple_entry_mist, uniq_menkaure, uniq_grinder
D:6:      layout_loops_ring
D:7:      layout_rooms, nicolae_qazlal_general_emergency, moated_statue
D:8:      layout_basic, kennysheep_mini_moat,
          nicolae_kikubaaqudgha_miasma_corner
D:9:      layout_cross, mainiacjoe_overflow_alcove_1,
          due_lair_maze_entry_diamond, david_orc_5
D:10:     layout_irregular_city, enter_bailey_2, minmay_misc_feat_ornament,
          minmay_the_grid_2x2 [minmay_the_grid_embedded,
          minmay_the_grid_square_x, minmay_the_grid_dragon_a,
          minmay_the_grid_prize_big_room]
D:11:     layout_basic, kennysheep_cluttered_room
D:12:     layout_long_grid, uniq_sonja, uniq_fannar, uniq_frances, uniq_azrael
D:13:     layout_basic
D:14:     minmay_swirls_squares, layout_small_grid,
          grunt_vaults_entry_fortified, yredelemnul_altar_generic, uniq_kirke
D:15:     gammafunk_enter_depths_forms, layout_long_grid,
          nicolae_gozag_seed_capital, drop_trap
Temple:   cyrus_temple_forest
Lair:1:   layout_regular_city, lemuel_oklob_altar
Lair:2:   layout_gridlike, minmay_shoals_entry_lonely_mermaid,
          nicolae_spider_entry_tight_spaces, gammafunk_ghost_hydra_chop
Lair:3:   layout_roguey, st_stairs_9, grunt_megastairs_5
Lair:4:   layout_loops_ring, gammafunk_ghost_ooze, enter_volcano_1,
          serial_bayou_shore_a, grunt_megastairs_2, infiniplex_staircase_pool_2
Lair:5:   layout_hall_layers, basic_altar, minmay_shattered_shrine
Lair:6:   hellmonk_lair_end_abyssal_woods, layout_gridlike, slime_altar_1,
          grunt_megastairs_4
Shoals:1: layout_shoals, serial_shops, nicolae_take_the_stairs
Shoals:2: nicolae_shoals_mermall, layout_shoals, uniq_polyphemus
Shoals:3: layout_shoals, uniq_ilsuiw
Shoals:4: shoals_end_hellmonk_lost_city
Spider:1: layout_chambers, nicolae_spider_rock_and_or_roll, uniq_aizul,
          uniq_rupert
Spider:2: layout_chambers
Spider:3: layout_spider_delve
Spider:4: grunt_spider_rune_circles, uniq_mara
Orc:1:    layout_caves
Orc:2:    pf_orc_diabolical, layout_caves, serial_shops, statue_bzr
Elf:1:    nicolae_elf_arrival_fired_up, layout_gridlike, serial_shops,
          nicolae_shop_stone, special_room [special_room_orc],
          hangedman_corner_corridor, bh_hangedman_babel_library
Elf:2:    elven_hall_of_blades_hangedman_alternative
          [infiniplex_blade_entry_pillars], layout_geoelf_diagonals,
          serial_shops, nicolae_diamond_shop
Elf:3:    minmay_elf_hall_quartered_circle, layout_geoelf_grid,
          minmay_strange_pillars
Vaults:1: v_alt_pattern_5, v_pattern_2, special_room_vaults [special_room_orc],
          ontoclasm_vaults_twist, v_misc_30, nicolae_vaults_little_squares_6,
          layout_vaults_quadrants, nicolae_trove_entry_crystal
Vaults:2: ontoclasm_vaults_pinch, ontoclasm_vaults_ring_square,
          ontoclasm_vaults_chip, nicolae_vaults_shelves_hall,
          ontoclasm_vaults_loading_screen, st_lattice,
          nicolae_vaults_circle_grid_a, grunt_vaults_diagonal,
          ontoclasm_vaults_chip, vaults_room_door_hall, nicolae_vaults_big_ls,
          nicolae_vaults_network_quinsquares
          [nicolae_vaults_network_quincunx_subvault,
          nicolae_vaults_network_quincunx_subvault,
          nicolae_vaults_network_quincunx_subvault,
          nicolae_vaults_network_quincunx_subvault], layout_vaults_omnicross
Vaults:3: ebering_ghost_rock_garden, hangedman_vaults_cutoff,
          minmay_crypt_entry_simple_corners, ontoclasm_vaults_idyll,
          nicolae_vaults_little_ls, ontoclasm_vaults_bender,
          vaults_room_grunt_arrival_ludios, ontoclasm_vaults_spin,
          dpeg_vaults_monster_row, v_misc_30, ontoclasm_vaults_decontamination,
          special_room_vaults [special_room_orc],
          nicolae_vaults_mini_display_case, layout_vaults_ring, uniq_frederick,
          uniq_jory
Vaults:4: vaults_dpeg_diagonal, nicolae_vaults_three_branches,
          hangedman_vaults_river_flow, vaults_room_large_hall,
          vaults_room_door_hall, vaults_standard_mumra_enter_the_diamond,
          v_misc_22, ontoclasm_vaults_shuriken, v_misc_22, v_misc_27, v_misc_16,
          dpeg_vaults_monster_box, vaults_dpeg_hooks,
          layout_vaults_chaotic_city, serial_shops, shop, uniq_boris
Vaults:5

Skill      XL: |  1  2  3  4  5  6  7  8  9 10 11 12 13 14 15 16 17 18 19 20 |
---------------+-------------------------------------------------------------+-----
Dodging        | 2 3 4 5 6 7 8 9 10 11 12 13 14 15 | 15.8
Armour         | 1 2 3 4 5 6 7 8 9 10 11 12 13 14 15 | 15.6
Evocations     | 1 2 3 4 5 6 7 8 9 10 11 12 13 | 13.7
Fighting       | 4 5 6 7 8 9 10 11 12 13 14 15 16 17 | 17.2
Throwing       | 2 3 4 6 7 8 9 10 11 12 | 12.2
Axes           | 3 4 6 7 8 9 10 11 | 11.1
Shields        | 3 4 |  4.2
Maces & Flails | 3 8 10 12 | 12.9
Slings         | 2 5 |  5.7
Stealth        | |  4.5

Action                   |  1- 3 |  4- 6 |  7- 9 | 10-12 | 13-15 | 16-18 | 19-21 || total
-------------------------+-------+-------+-------+-------+-------+-------+-------++-------
Melee: Hand axe          |    55 |       |       |       |       |       |       ||    55
       Dagger            |    11 |    41 |       |       |       |       |       ||    52
       Quarterstaff      |       |   146 |   400 |   309 |       |       |       ||   855
       Broad axe         |       |       |       |   109 |    33 |   210 |   622 ||   974
       Eveningstar       |       |       |       |   381 |   970 |   916 |   603 ||  2870
 Fire: Fustibalus        |       |       |       |       |   235 |    96 |       ||   331
       Hunting sling     |       |       |       |       |       |   144 |       ||   144
Throw: Javelin           |       |       |    15 |    10 |     7 |    12 |     7 ||    51
       Dart              |       |       |       |     7 |     1 |       |       ||     8
Invok: Bribe Branch      |       |       |       |       |       |     2 |     1 ||     3
       Call Merchant     |       |       |       |       |       |     1 |       ||     1
Evoke: Wand              |       |       |     3 |    18 |     5 |     9 |       ||    35
       Tin of tremorston |       |       |       |     1 |       |       |       ||     1
       Phantom mirror    |       |       |       |       |       |     1 |       ||     1
       Phial of floods   |       |       |       |       |       |       |     1 ||     1
  Use: Scroll            |     2 |       |       |    20 |    17 |    13 |     8 ||    60
       Potion            |     2 |       |       |     5 |     1 |     7 |     1 ||    16
 Stab: Sleeping          |     1 |     5 |     4 |     1 |    20 |     2 |       ||    33
       Distracted        |       |       |     2 |     9 |     8 |    12 |    17 ||    48
       Petrified         |       |       |       |       |     2 |       |       ||     2
       Paralysed         |       |       |       |       |     2 |       |     1 ||     3
Armor: Ring mail         |    31 |    83 |   303 |   267 |   399 |    98 |       ||  1181
       Leather armour    |     1 |       |       |       |       |       |       ||     1
       Chain mail        |       |       |       |   181 |    98 |       |       ||   279
       Gold dragon scale |       |       |       |       |       |   745 |   602 ||  1347
Dodge: Dodged            |    46 |   134 |   484 |   922 |  1545 |  1072 |   654 ||  4857
Block: Buckler           |       |       |       |   128 |   456 |   341 |   203 ||  1128
       Reflection        |       |       |       |       |       |     4 |       ||     4
       Tower shield      |       |       |       |       |       |       |    87 ||    87

Table legend: (Time is in decaauts)
 A = Elapsed time spent in this place.
 B = Non-inter-level travel time spent in this place.
 C = Inter-level travel time spent in this place.
 D = Time resting spent in this place.
 E = Time spent auto-exploring this place.
 F = Levels seen in this place.
 G = Mean time per level.
                   A        B        C        D        E       F      G
               +--------+--------+--------+--------+--------+-----+--------+
         Total |  54340 |  49837 |   4503 |    928 |  35144 |  43 | 1263.7 |
       Dungeon |  17773 |  15819 |   1954 |    621 |  10808 |  15 | 1184.9 |
        Temple |     49 |     25 |     24 |      0 |     20 |   1 |   49.0 |
          Lair |   8520 |   7267 |   1253 |    108 |   4984 |   6 | 1420.0 |
        Shoals |   4220 |   4048 |    172 |      0 |   3534 |   4 | 1055.0 |
   Spider Nest |   5752 |   5488 |    264 |      3 |   4199 |   4 | 1438.0 |
  Orcish Mines |   2616 |   2310 |    306 |     87 |   1251 |   2 | 1308.0 |
   Elven Halls |   4829 |   4496 |    333 |    109 |   3259 |   3 | 1609.7 |
        Vaults |   9247 |   9052 |    195 |      0 |   6565 |   5 | 1849.4 |
        Bazaar |     57 |     57 |      0 |      0 |     49 |   1 |   57.0 |
        Bailey |    934 |    934 |      0 |      0 |    320 |   1 |  934.0 |
       Volcano |    339 |    339 |      0 |      0 |    153 |   1 |  339.0 |
               +--------+--------+--------+--------+--------+-----+--------+

Top non-repeatable levels by time:
Vaults:1: 2555 daAuts
Vaults:2: 2350 daAuts
   Elf:1: 2224 daAuts
  Lair:2: 2039 daAuts
Vaults:3: 1910 daAuts
    D:10: 1892 daAuts
Spider:1: 1815 daAuts
    D:14: 1692 daAuts
   Orc:2: 1635 daAuts
Vaults:4: 1634 daAuts
  Lair:6: 1540 daAuts
Spider:4: 1527 daAuts
  Lair:1: 1512 daAuts
     D:3: 1458 daAuts
     D:9: 1394 daAuts
